 Dungeon Crawl Stone Soup version 0.20-a0-842-g939b552 (webtiles) character file.

424 M4edhros the Slasher (level 6, -8/47 HPs)
             Began as a Mummy Chaos Knight on Mar 9, 2017.
             Mangled by an ogre
             ... wielding a +0 giant club
              (15 damage)
             ... on level 5 of the Dungeon.
             The game lasted 00:04:32 (2349 turns).

M4edhros the Slasher (Mummy Chaos Knight)           Turns: 2349, Time: 00:04:33

Health: -8/47      AC:  8    Str: 16    XL:     6   Next: 64%
Magic:  6/6        EV: 11    Int: 11    God:    Xom [.*....]
Gold:   120        SH:  0    Dex: 13    Spells: 5/5 levels left

rFire    x . .     SeeInvis .   a - +0 falchion (chaos)
rCold    + . .     Gourm    .   b - +2 leather armour
rNeg     + + +     Faith    .   (no shield)
rPois    ∞         Spirit   .   e - +0 helmet
rElec    .         Reflect  .   d - +0 cloak
rCorr    .         Harm     .   g - +0 pair of gloves
MR       .....                  (no boots)
Stlth    +.........             (no amulet)
Regen    0.2/turn               (no ring)
MPRegen  0.1/turn               (no ring)

@: no status effects
A: no food or potions, fire vulnerability, cold resistance 1, negative energy
resistance 3, torment resistance, unbreathing
a: Renounce Religion


You were on level 5 of the Dungeon.
You worshipped Xom.
You were a plaything of Xom.
You were not hungry.

You visited 1 branch of the dungeon, and saw 5 of its levels.

You collected 120 gold pieces.

Inventory:

Hand Weapons
 a - a +0 falchion of chaos (weapon)
Missiles
 f - 26 sling bullets
Armour
 b - a +2 leather armour (worn)
 d - a +0 cloak (worn)
 e - a +0 helmet (worn)
 g - a +0 pair of gloves (worn)
Scrolls
 c - 2 scrolls of teleportation
 h - 2 scrolls of remove curse
 i - 4 scrolls of identify
 j - a scroll of amnesia
 k - a scroll of random uselessness {unknown}
 m - a scroll of immolation {unknown}
 n - a scroll of enchant armour {unknown}
 o - a scroll of magic mapping {unknown}
Books
 l - a book of Flames

   Spells                             Type                      Level
   a - Flame Tongue                   Conjuration/Fire             1
   b - Throw Flame                    Conjuration/Fire             2
   c - Conjure Flame                  Conjuration/Fire             3
   d - Inner Flame                    Hexes/Fire                   3
   e - Sticky Flame                   Conjuration/Fire             4
   f - Fireball                       Conjuration/Fire             5


   Skills:
 - Level 3.0 Fighting
 + Level 6.3 Long Blades
 - Level 1.5 Armour
 - Level 0.7 Dodging


You had 5 spell levels left.
You didn't know any spells.

Dungeon Overview and Level Annotations

Branches:
Dungeon (5/15)
 Temple: D:4-7

Altars:
Gozag
Kikubaaqudgha
Ru
Sif Muna
Wu Jian
Yredelemnul
Zin

Annotations:
D:2 Sigmund


Innate Abilities, Weirdness & Mutations

You do not eat or drink.
Your flesh is vulnerable to fire.
You are immune to poison.
Your flesh is cold resistant. (rC+)
You are immune to negative energy. (rN+++)
You are immune to unholy pain and torment.
You can survive without breathing.


Message History

You hear Xom's avuncular chuckle.
The ogre seems to speed up.
Found 17 gold pieces.
You barely miss the ogre.
You hear the slow hiss of a very distant avalanche of sand.
The ogre hits you with a giant club!
* * * LOW HITPOINT WARNING * * *
The ogre barely misses you.
Found a quarterstaff.
You hit the ogre.
The ogre is poisoned.
The ogre is lightly wounded.
The bullfrog skeleton hits you.
* * * LOW HITPOINT WARNING * * *
The ogre hits you with a giant club.
* * * LOW HITPOINT WARNING * * *
The bullfrog skeleton barely misses you.
You slash the ogre! Lightning courses through the ogre!
The ogre is severely wounded.
The ogre hits you with a giant club!
You die...

###########..##
#.........<...#####
#..................
#...###....###.Z###
#..#...#..#...#....
#..#.⌠.#..#.⌠.#.###
#..#...#≈≈#...#.#
#.ZO###≈≈≈≈###≈.#
#.@.≈≈≈≈≈≈≈≈≈≈..#
#...≈≈≈≈≈≈≈≈≈≈..#
#..≈###≈≈≈≈###≈.#
#..#. .#≈≈#...#.#
##.#$⌠ #..#.⌠.#.#
#.#..)# #...#.#
#..###....###..#
#.. .........#
##..##.#.###


You could see an ogre and a bullfrog skeleton.

Vanquished Creatures
  A scorpion (D:4)
  A vampire bat (D:4)
  A bullfrog zombie (D:5)
  A hound (D:4)
  An iguana (D:4)
  Terence (D:2)
  3 worker ants (D:4)
  A gnoll (D:2)
  An adder skeleton (D:5)
  A worm (D:3)
  A dart slug (D:1)
  3 leopard geckos (D:3)
  An orc (D:3)
  A ball python (D:1)
  2 bat skeletons (D:4)
  4 bat zombies (D:4)
  2 giant cockroaches
  10 goblins
  4 hobgoblins
  2 jackals (D:4)
  7 kobolds
  A quokka (D:5)
  4 bats
  A frilled lizard (D:1)
  A jackal skeleton (D:4)
  5 rats
61 creatures vanquished.

Vanquished Creatures (collateral kills)
  A water moccasin (shapeshifter) (D:4)
  3 gnolls (D:3)
  An orc (D:4)
5 creatures vanquished.

Grand Total: 66 creatures vanquished

Notes
Turn   | Place    | Note
-------+----------+-------------------------------------------
     0 | D:1      | M4edhros the Mummy Chaos Knight began the quest for the Orb.
     0 | D:1      | Reached XP level 1. HP: 18/18 MP: 1/1
   147 | D:1      | Reached XP level 2. HP: 24/24 MP: 2/2
   304 | D:1      | Reached skill level 3 in Long Blades
   485 | D:1      | XOM: divination: detect creatures
   508 | D:1      | XOM: scenery: 3 doors open
   592 | D:2      | Noticed Terence
   599 | D:2      | Killed Terence
   599 | D:2      | Reached XP level 3. HP: 29/29 MP: 3/3
   639 | D:2      | Noticed Sigmund
   680 | D:2      | Found a sacrificial altar of Ru.
   680 | D:2      | Found a basalt altar of Yredelemnul.
   680 | D:2      | Found an ornate altar of the Wu Jian Council.
   680 | D:2      | Found a glowing silver altar of Zin.
   690 | D:2      | Reached skill level 4 in Long Blades
   694 | D:2      | Reached XP level 4. HP: 20/35 MP: 4/4
  1002 | D:3      | XOM: cloud trail
  1121 | D:3      | XOM: 7-stop teleportation journey
  1137 | D:4      | Noticed a wolf
  1137 | D:4      | a worker ant changed into a wolf
  1139 | D:4      | Noticed a wyvern
  1139 | D:4      | a wolf changed into a wyvern
  1378 | D:4      | Reached XP level 5. HP: 29/41 MP: 5/5
  1544 | D:4      | Reached skill level 5 in Long Blades
  1549 | D:4      | Noticed a tengu
  1549 | D:4      | XOM: cast spell 'Monstrous Menagerie'
  1553 | D:4      | Noticed a fire bat
  1553 | D:4      | a tengu changed into a fire bat
  1558 | D:4      | Noticed a water moccasin
  1558 | D:4      | a fire bat changed into a water moccasin
  1560 | D:4      | Killed a water moccasin
  1576 | D:4      | XOM: 4-stop teleportation journey
  1585 | D:4      | Reached XP level 6. HP: 8/47 MP: 6/6
  1754 | D:4      | XOM: summons 4 hostile shadow creatures
  1755 | D:4      | Noticed a sky beast
  1807 | D:3      | XOM: medium Pois miscast
  1913 | D:4      | XOM: polymorph howler monkey -> iguana
  1914 | D:4      | XOM: potion effect (agility)
  1919 | D:4      | XOM: harmless Hex miscast
  2092 | D:4      | Reached skill level 6 in Long Blades
  2100 | D:4      | Found an ancient bone altar of Kikubaaqudgha.
  2190 | D:4      | XOM: cloud trail
  2245 | D:5      | Entered Level 5 of the Dungeon
  2266 | D:5      | XOM: smoke on damage
  2279 | D:5      | Found a deep blue altar of Sif Muna.
  2285 | D:5      | Found an opulent altar of Gozag.
  2312 | D:5      | XOM: destruction
  2334 | D:5      | XOM: confuse monster(s)
  2342 | D:5      | XOM: enchant monster (bad)
  2349 | D:5      | Mangled by an ogre

Vault maps used:
D:1:      dpeg_arrival_round_a
D:2:      marbit_many_paths, nicolae_overflow_hidden_temple, serial_glass,
          glass_columns_b, glass_columns_c, uniq_sigmund, uniq_terence,
          uniq_natasha
D:3:      first_bread
D:4:      kennysheep_vampire_church
D:5:      tso_oasis_becter, grunt_temple_overflow_open,
          nicolae_ossuary_entry_false_entrances, fountainhead

Skill      XL: |  1  2  3  4  5  6 |
---------------+-------------------+-----
Long Blades    | 3 4 5 6 |  6.3
Fighting       | |  3.0
Armour         | |  1.5
Dodging        | |  0.7

Action                   |  1- 3 |  4- 6 || total
-------------------------+-------+-------++-------
Melee: Falchion          |    85 |   124 ||   209
  Use: Scroll            |       |     5 ||     5
 Stab: Paralysed         |       |     3 ||     3
       Confused          |       |     1 ||     1
       Sleeping          |       |     1 ||     1
Armor: Leather armour    |    35 |    93 ||   128
Dodge: Dodged            |    54 |   101 ||   155
       Rpst.: Falchion   |    13 |    34 ||    47
